 Dungeon Crawl Stone Soup version 0.30-a0-1035-g38d5fb2972 (webtiles) character file.

Game seed: 7564101905517922217

490 Querens the Shield-Bearer (level 7, -6/56 HPs)
             Began as a Formicid Fighter on Apr 8, 2023.
             Engulfed by a steam dragon's steam (7 damage)
             ... on level 4 of the Dungeon.
             The game lasted 00:08:11 (2195 turns).

Querens the Shield-Bearer (Formicid Fighter)        Turns: 2195, Time: 00:08:12

Health: -6/56      AC: 11    Str: 22    XL:     7   Next: 37%
Magic:  7/7        EV:  8    Int:  8    God:
Gold:   119        SH:  5    Dex: 13    Spells: 6/6 levels left

rFire   . . .      SeeInvis +    a - +0 war axe
rCold   . . .      Faith    .    c - +0 buckler
rNeg    . . .      Spirit   .    i - +0 chain mail
rPois   .          Reflect  .    (helmet unavailable)
rElec   .          Rampage  .    (no cloak)
rCorr   .                        (no gloves)
Will    .....                    j - +0 pair of boots Stlth
                                 (no amulet)
HPRegen 0.29/turn                (no ring)
MPRegen 0.10/turn                (no ring)

@: no status effects
A: permanent stasis, dig shafts and tunnels, antennae 3, four strong arms
a: Dig, Shaft Self


You were on level 4 of the Dungeon.
You visited 1 branch of the dungeon, and saw 4 of its levels.

You collected 158 gold pieces.
You spent 39 gold pieces at shops.

Inventory:

Hand Weapons
 a - a +0 war axe (weapon)
Armour
 c - a +0 buckler (worn)
 i - a +0 chain mail (worn)
 j - a +0 pair of boots (worn)
Wands
 p - a wand of roots (7)
Scrolls
 b - a scroll of fog {unknown}
 d - a scroll of vulnerability {unknown}
 f - a scroll of teleportation {unknown}
 g - a scroll of summoning {unknown}
 k - 2 scrolls of identify {unknown}
 n - a scroll of enchant weapon {unknown}
 q - a scroll of immolation
 r - a scroll of noise {unknown}
Potions
 e - a potion of attraction {unknown}
 h - a potion of haste
 l - a potion of mutation {unknown}
 m - a potion of curing
 s - a potion of lignification {unknown}


   Skills:
 + Level 5.1 Fighting
 + Level 4.0 Axes
 + Level 5.1 Armour
 + Level 6.2 Shields


You had 6 spell levels left.
You didn't know any spells.
Your spell library was empty.

Dungeon Overview and Level Annotations

Branches:
Dungeon (4/15)
 Temple: D:4-7

Altars:
Qazlal
Trog

Shops:
D:2 !   D:4 [(


Innate Abilities, Weirdness & Mutations

You cannot be hasted, slowed, berserked, paralysed or teleported.
You can dig through walls and to a lower floor.
You have a pair of large antennae on your head. (SInv)
Your four strong arms can wield two-handed weapons with a shield.


Message History

The steam dragon bites you but does no damage.
You block the steam dragon's attack.
You slash the steam dragon!
The steam dragon is heavily wounded.
You are engulfed in a cloud of scalding steam.
* * * LOW HITPOINT WARNING * * *
You block the steam dragon's attack.
The steam dragon claws you but does no damage.
It was a potion of haste.
Your stasis prevents you from being hasted.
The steam dragon bites you.
* * * LOW HITPOINT WARNING * * *
The steam dragon claws you.
* * * LOW HITPOINT WARNING * * *
It was a potion of heal wounds.
You feel much better. The steam dragon breathes steam at you.
The ball of steam hits you!
* * * LOW HITPOINT WARNING * * *
You feel much better.
You are engulfed in a cloud of scalding steam.
The steam dragon bites you.
The steam dragon claws you but does no damage.
You closely miss the steam dragon.
The steam dragon is heavily wounded.
The steam dragon breathes steam at you. The ball of steam hits you!
* * * LOW HITPOINT WARNING * * *
You block the steam dragon's attack.
The steam dragon claws you but does no damage.
You closely miss the steam dragon.
The steam dragon is heavily wounded.
You are engulfed in a cloud of scalding steam.
* * * LOW HITPOINT WARNING * * *
The steam dragon bites you!
* * * LOW HITPOINT WARNING * * *
You block the steam dragon's attack.
You slash the steam dragon!
The steam dragon is almost dead.
You are engulfed in a cloud of scalding steam.
You die...

###.#.#.....
....#.#.###. {
####....# ###....##.
#.........#
#.#########. #.# #.#
##### #.# #.# #.D.#
#.# #.# #@#.#
#.####### #.# #.#D#
#......†# #.# #.#.#
########.###.###.#.#
.# #.............#.#
.# #.#.#.###.#####..
.# #.#.#.#...|...###
.# #.#.#.#.#.###.#
.# #...#<#(#...#.#


You could see a steam dragon.

Vanquished Creatures
  Duvessa (D:4)
  Dowan (D:4)
  2 hounds (D:4)
  2 orc priests (D:3)
  Ijyb (D:3)
  Natasha (twice) (D:4)
  7 gnolls (D:2)
  An adder (D:4)
  A worm (D:2)
  4 orcs
  7 ball pythons
  5 bats
  4 endoplasms
  A giant cockroach (D:1)
  5 goblins
  6 hobgoblins
  3 quokkas
  3 frilled lizards
  10 kobolds
  8 rats
74 creatures vanquished.

Notes
Turn   | Place    | Note
-------+----------+-------------------------------------------
     0 | D:1      | Querens the Formicid Fighter began the quest for the Orb.
     0 | D:1      | Reached XP level 1. HP: 18/18 MP: 1/1
    68 | D:1      | Reached XP level 2. HP: 23/24 MP: 2/2
   475 | D:1      | Reached XP level 3. HP: 29/29 MP: 3/3
   864 | D:2      | Found a stormy altar of Qazlal.
   994 | D:2      | Reached XP level 4. HP: 28/37 MP: 4/4
  1271 | D:2      | Found Ymeol's Distillery.
  1278 | D:2      | Bought a potion of curing for 39 gold pieces
  1448 | D:2      | Reached XP level 5. HP: 42/42 MP: 5/5
  1455 | D:2      | Reached skill level 5 in Shields
  1518 | D:3      | Found a bloodstained altar of Trog.
  1670 | D:3      | Found a faded altar of an unknown god.
  1670 | D:3      | Noticed Ijyb
  1684 | D:3      | Killed Ijyb
  1685 | D:3      | Reached XP level 6. HP: 41/49 MP: 6/6
  1853 | D:4      | Noticed Natasha
  1866 | D:4      | Killed Natasha
  1891 | D:4      | Noticed Natasha
  1896 | D:4      | Killed Natasha
  1962 | D:4      | Found Kuuqigh's Antique Armour Emporium.
  2037 | D:4      | Noticed Duvessa
  2038 | D:4      | Noticed Dowan
  2058 | D:4      | Killed Duvessa
  2059 | D:4      | Reached XP level 7. HP: 14/55 MP: 7/7
  2064 | D:4      | Killed Dowan
  2065 | D:4      | Reached skill level 5 in Fighting
  2065 | D:4      | Reached skill level 5 in Armour
  2065 | D:4      | Reached skill level 6 in Shields
  2079 | D:4      | Found Qoott's Antique Weapon Shoppe.
  2181 | D:4      | Noticed a steam dragon
  2190 | D:4      | HP: 2/56 [steam dragon (1)]
  2195 | D:4      | Engulfed by a steam dragon's steam

Illustrated notes

Levels and vault maps discovered:
D:1:      beargit_arrival_diablo_church, layout_basic
D:2:      layout_basic, serial_shops, nicolae_shop_stone, basic_altar
D:3:      layout_basic, mainiacjoe_overflow_catwalk,
          hellmonk_ecumenical_altar_blasted, uniq_ijyb
D:4:      cheibrodos_quashed, layout_basic, serial_shops,
          nicolae_shop_behind_doors, shop, nicolae_shop_hallway_plus,
          uniq_natasha, uniq_duvessa

Skill      XL: |  1  2  3  4  5  6  7 |
---------------+----------------------+-----
Fighting       | 4 5 |  5.1
Armour         | 4 5 |  5.1
Shields        | 5 6 |  6.2
Axes           | 3 4 |  4.0

Action                     |  1- 3 |  4- 6 |  7- 9 || total
---------------------------+-------+-------+-------++-------
  Melee: War axe           |    89 |   108 |    35 ||   232
  Evoke: Wand              |       |     3 |       ||     3
    Use: Potion            |       |     1 |     3 ||     4
 Armour: Scale mail        |    26 |       |       ||    26
         Chain mail        |    25 |    59 |    31 ||   115
  Dodge: Dodged            |    46 |    36 |    28 ||   110
  Block: Buckler           |    25 |    34 |    14 ||    73

Table legend: (Time is in decaauts)
 A = Elapsed time spent in this place.
 B = Non-inter-level travel time spent in this place.
 C = Inter-level travel time spent in this place.
 D = Time resting spent in this place.
 E = Time spent auto-exploring this place.
 F = Levels seen in this place.
 G = Mean time per level.
                   A        B        C        D        E       F      G
               +--------+--------+--------+--------+--------+-----+--------+
         Total |   2282 |   2123 |    159 |      0 |      0 |   4 |  570.5 |
       Dungeon |   2282 |   2123 |    159 |      0 |      0 |   4 |  570.5 |
               +--------+--------+--------+--------+--------+-----+--------+

Top non-repeatable levels by time:
     D:2: 937 daAuts
     D:1: 603 daAuts
     D:4: 451 daAuts
     D:3: 290 daAuts
